 Dungeon Crawl Stone Soup version 0.17-a0-1510-gb3fb22e (webtiles) character file.

1288 Jb9000 the Sneak (level 8, -10/49 HPs)
             Began as a Gargoyle Fighter on July 11, 2015.
             Was a Priest of Trog.
             Mangled by Prince Ribbit (12 damage)
             ... on level 5 of the Dungeon.
             The game lasted 00:22:26 (3951 turns).

Jb9000 the Sneak (Gargoyle Fighter)                 Turns: 3951, Time: 00:22:27

Health: -10/49     AC: 14    Str: 20    XL:     8   Next: 55%
Magic:  11/11      EV: 11    Int: 11    God:    Trog [***...]
Gold:   285        SH:  0    Dex: 13    Spells: 0 memorised, 11 levels left

rFire  . . .     SeeInvis .     n - +2 quarterstaff (chaos)
rCold  . . .     Clarity  .     s - +1 troll leather armour {Purgy}
rNeg   + . .     SustAt   .     (no shield)
rPois  ∞         Gourm    .     (no helmet)
rElec  +         Spirit   .     r - +2 cloak
rCorr  .         Warding  .     (no gloves)
rMut   .         Stasis   .     (no boots)
MR     +....                    (no amulet)
Stlth  +++.......               m - +4 ring of dexterity
                                g - ring of protection from magic

@: somewhat resistant to hostile enchantments, fairly stealthy
A: negative energy resistance 1, electricity resistance, unbreathing,
petrification resistance, rot immunity, AC +5
a: Burn Spellbooks, Berserk, Trog's Hand, Renounce Religion


You were on level 5 of the Dungeon.
You worshipped Trog.
Trog was most pleased with you.
You were not hungry.

You visited 1 branch of the dungeon, and saw 5 of its levels.
You also visited: Sewer.

You collected 285 gold pieces.

Inventory:

Hand weapons
 a - a +0 war axe
 n - a +2 quarterstaff of chaos (weapon)
 E - a +0 arbalest
Missiles
 i - 31 arrows
 k - 44 bolts
 v - 15 poisoned needles
 w - 5 tomahawks (quivered)
Armour
 b - a +0 scale mail
 c - a +0 shield
 j - a +0 ring mail
 r - a +2 cloak (worn)
 s - a +1 troll leather armour (worn) {Purgy}
 y - a +2 shield
Jewellery
 d - an uncursed ring of magical power
 g - a ring of protection from magic (left hand)
 m - a +4 ring of dexterity (right hand)
Scrolls
 e - 2 scrolls of remove curse
 l - a scroll of teleportation
 o - 7 scrolls of identify
 q - a scroll of immolation
 x - a scroll of fear
Potions
 f - a potion of resistance {unknown}
 p - 4 potions of might
 t - a potion of lignification
 z - a potion of heal wounds {unknown}
 A - a potion of magic {unknown}
 B - a potion of brilliance {unknown}
 C - 2 potions of flight {unknown}
Comestibles
 u - 3 bread rations
 D - a meat ration


   Skills:
 + Level 5.1 Fighting
 + Level 3.6 Axes
 * Level 3.5 Staves
 * Level 0.6 Crossbows
 + Level 5.4 Armour
 * Level 5.7 Stealth
 + Level 5.2 Shields
 - Level 2.0 Spellcasting


You had 11 spell levels left.
You didn't know any spells.

Dungeon Overview and Level Annotations

Branches:
Dungeon (5/15)
 Temple: D:4-7

Altars:
Gozag
Okawaru
Trog
Yredelemnul

Shops:
D:4 %

Annotations:
D:5 Prince Ribbit


Innate Abilities, Weirdness & Mutations

You are resistant to torment.
Your stone body is resilient (AC +5).
You are immune to poison.
You resist negative energy.
You are resistant to electric shocks.
You can survive without breathing.
You are immune to petrification.
You are immune to rotting.


Message History

You see here a rat corpse.
You hit Prince Ribbit.
Prince Ribbit is lightly wounded.
Prince Ribbit hits you. Prince Ribbit barely misses you.
Prince Ribbit momentarily phases out as your attack passes through him.
Prince Ribbit is lightly wounded.
Prince Ribbit blinks!
Things that are here:
a giant club; an ogre corpse Prince Ribbit hits you!
Prince Ribbit hits you.
* * * LOW HITPOINT WARNING * * *
Prince Ribbit momentarily phases out as your attack passes through him.
Prince Ribbit is lightly wounded.
Prince Ribbit hits you!
* * * LOW HITPOINT WARNING * * *
Prince Ribbit barely misses you.
You sock Prince Ribbit! You freeze Prince Ribbit.
Prince Ribbit is heavily wounded.
Prince Ribbit hits you!
You die...

.........# .........#
.###### .........# .......
.........# .......
.........# .......
.........# (......
######'### .......
######.##############..[....
...............F@)(..(#
#####################.#
......... ..> .######## ####
.# .# .# .# .# .


You could see Prince Ribbit.

Vanquished Creatures
  Sigmund (D:2)
  The ghost of Jb9000 the Skirmisher, an average GrFi (D:3)
  The ghost of MordorOrchid the Covert, an average SpAs (D:4)
  Purgy (Sewer)
  3 ogres
  A giant frog (D:4)
  A crimson imp (D:5)
  A giant frog skeleton (D:4)
  Crazy Yiuf (D:2)
  An iguana (D:4)
  2 orc priests
  3 hounds
  A hound skeleton (D:4)
  A worker ant zombie (D:5)
  4 gnolls
  6 adders
  An ooze (D:1)
  A worm (D:3)
  4 giant geckos
  9 orcs
  5 ball pythons
  13 bats
  7 giant cockroaches
  2 gnoll zombies (D:2)
  9 hobgoblins
  8 jackals (D:2)
  4 quokkas
  6 giant newts
  8 goblins
  5 kobolds
  16 rats
127 creatures vanquished.

Notes
Turn   | Place    | Note
--------------------------------------------------------------
     0 | D:1      | Jb9000 the Gargoyle Fighter began the quest for the Orb.
     0 | D:1      | Reached XP level 1. HP: 14/14 MP: 1/1
    30 | D:1      | Reached XP level 2. HP: 19/19 MP: 2/2
   679 | D:2      | Reached XP level 3. HP: 21/23 MP: 3/3
   730 | D:2      | Reached skill level 1 in Stealth
   731 | D:2      | Noticed Sigmund
   755 | D:2      | Killed Sigmund
   755 | D:2      | Reached skill level 4 in Fighting
   755 | D:2      | Reached skill level 1 in Spellcasting
   755 | D:2      | Reached XP level 4. HP: 7/29 MP: 3/6
   755 | D:2      | Reached XP level 5. HP: 7/33 MP: 3/7
  1222 | D:2      | Noticed Crazy Yiuf
  1230 | D:2      | Killed Crazy Yiuf
  1230 | D:2      | Reached XP level 6. HP: 21/38 MP: 8/8
  1758 | D:2      | Found a basalt altar of Yredelemnul.
  2012 | D:3      | Noticed Jb9000's ghost (average GrFi)
  2028 | D:3      | Killed Jb9000's ghost
  2028 | D:3      | Reached skill level 1 in Staves
  2077 | D:3      | Found a faded altar to an unknown god.
  2092 | D:3      | Became a worshipper of Trog the Wrathful
  2092 | D:3      | Acquired Trog's first power
  2261 | D:3      | Found an opulent altar of Gozag.
  2310 | D:3      | Found a glowing drain.
  2345 | D:3      | Reached XP level 7. HP: 43/43 MP: 10/10
  2350 | Sewer    | Entered a sewer
  2407 | Sewer    | Noticed Purgy
  2420 | Sewer    | Killed Purgy
  2937 | D:4      | Noticed MordorOrchid's ghost (average SpAs)
  2950 | D:4      | Acquired Trog's second power
  2967 | D:4      | Killed MordorOrchid's ghost
  2967 | D:4      | Reached skill level 5 in Armour
  2988 | D:4      | Reached skill level 5 in Stealth
  3040 | D:4      | Reached XP level 8. HP: 48/48 MP: 11/11
  3081 | D:4      | Reached skill level 5 in Shields
  3162 | D:4      | Found Leusch Zuxky's Food Emporium.
  3484 | D:4      | Found an iron altar of Okawaru.
  3652 | D:5      | Entered Level 5 of the Dungeon
  3717 | D:5      | Reached skill level 5 in Fighting
  3923 | D:5      | Noticed Prince Ribbit
  3950 | D:5      | HP: 2/49 [Prince Ribbit (13)]
  3951 | D:5      | Mangled by Prince Ribbit

Vault maps used:
D:1:      minmay_arrival_up_and_down
D:2:      lemuel_zombie_altar_yredelemnul, minmay_item_behind_shaft,
          uniq_crazy_yiuf_cottage, uniq_sigmund
D:3:      portal_sewer_entry_f, ecumenical_altar_1, nicolae_gozag_seed_capital
D:4:      first_bread, serial_shops, shop_coins, okawaru_altar_gauntlet_db
D:5:      kennysheep_big_flooded_room, serial_shops, shop, shop, serial_glass,
          glass_columns_a, glass_columns_c, glass_columns_a, glass_columns_b,
          glass_columns_b, glass_columns_b, glass_columns_a, glass_columns_c,
          uniq_prince_ribbit1
Sewer:    sewer_co_purgy_island

Action                   |  1- 3 |  4- 6 |  7- 9 || total
-------------------------+-------+-------+-------++-------
Melee: War axe           |    79 |    30 |    69 ||   178
       Quarterstaff      |       |    83 |   132 ||   215
 Fire: Arbalest          |       |       |     6 ||     6
Invok: Burn Spellbooks   |       |       |     1 ||     1
  Use: Potion            |     3 |     1 |     1 ||     5
       Scroll            |       |       |     9 ||     9
 Stab: Paralysed         |       |     2 |     1 ||     3
       Sleeping          |       |       |     2 ||     2
  Eat: Bread ration      |       |     1 |       ||     1
       Pizza             |       |     1 |       ||     1
       Royal jelly       |       |       |     1 ||     1
       Chunk             |       |       |     2 ||     2
       Meat ration       |       |       |     1 ||     1
